 Dungeon Crawl Stone Soup version 0.22-a0-877-g5c4e1af (webtiles) character file.

158 Dordric the Cudgeler (level 5, -1/32 HPs)
             Began as a Gargoyle Berserker on July 29, 2018.
             Was a Believer of Trog.
             Killed by nerve-wracking pain
             ... invoked by an orc priest
              (7 damage)
             ... on level 3 of the Dungeon.
             The game lasted 00:03:39 (1494 turns).

Dordric the Cudgeler (Gargoyle Berserker)           Turns: 1494, Time: 00:03:40

Health: -1/32      AC: 17    Str: 21    XL:     5   Next: 40%
Magic:  5/5        EV: 11    Int:  8    God:    Trog [**....]
Gold:   205        SH:  0    Dex:  9    Spells: 4/4 levels left

rFire    . . .     SeeInvis .   i - +2 mace (protect)
rCold    . . .     Gourm    .   (no shield)
rNeg     + . .     Faith    .   d - +0 ring mail (curse)
rPois    ∞         Spirit   .   (no helmet)
rElec    +         Reflect  .   (no cloak)
rCorr    .         Harm     .   s - +0 pair of gloves
MR       .....                  (no boots)
Stlth    ..........             (no amulet)
HPRegen  0.10/turn              (no ring)
MPRegen  0.09/turn              (no ring)

@: protection aura, berserk cooldown, slowed, very slow
A: negative energy resistance 1, electricity resistance, unbreathing,
petrification resistance, rot immunity, AC +4
a: Berserk, Trog's Hand, Renounce Religion


You were on level 3 of the Dungeon.
You worshipped Trog.
Trog was pleased with you.
You were very hungry.

You visited 1 branch of the dungeon, and saw 3 of its levels.

You collected 205 gold pieces.

Inventory:

Hand Weapons
 a - a +0 mace
 i - a +2 mace of protection (weapon)
Armour
 b - a +0 animal skin
 d - a cursed +0 ring mail (worn)
 e - a +0 plate armour
 s - a +0 pair of gloves (worn)
Jewellery
 g - an uncursed ring of flight
Wands
 r - a wand of enslavement (11)
Scrolls
 j - 3 scrolls of enchant weapon
 k - a scroll of teleportation
 m - a scroll of enchant armour
 p - a scroll of fog {unknown}
Potions
 h - a potion of flight {unknown}
 l - a potion of lignification {unknown}
 n - a potion of resistance {unknown}
 o - a potion of might {unknown}
 q - a potion of brilliance {unknown}
 t - a potion of ambrosia {unknown}
Comestibles
 c - 5 rations
 f - a chunk of flesh


   Skills:
 - Level 3.2 Fighting
 + Level 5.9 Maces & Flails
 - Level 2.1 Armour
 - Level 1.5 Dodging


You had 4 spell levels left.
You didn't know any spells.
Your spell library was empty.

Dungeon Overview and Level Annotations

Branches:
Dungeon (3/15)

Altars:
Hepliaklqana
Makhleb
Okawaru
Uskayaw
Vehumet


Innate Abilities, Weirdness & Mutations

You are resistant to torment.
Your stone body is resilient. (AC +4)
You are immune to poison.
You resist negative energy. (rN+)
You are resistant to electric shocks. (rElec)
You can survive without breathing.
You are immune to petrification.
You are immune to rotting.


Message History

The orc priest mumbles some strange prayers to Beogh against you.
Beogh smites you!
* * * LOW HITPOINT WARNING * * *
You see here a flail.
You bludgeon the orc!!
You kill the orc!
Trog accepts your kill.
You barely miss the orc. The orc closely misses you.
You bludgeon the orc!!
You kill the orc!
Trog accepts your kill.
You thump the orc priest!
You kill the orc priest!
Trog accepts your kill.
You are no longer berserk.
You are exhausted.
You feel yourself slow down.
The orc priest mumbles some strange prayers to Beogh against you.
Pain shoots through your body!
You die...

.....#
.........#
.....#
.........#
.....#
.........#
.....#
.........#
.....#
.......#
.....#
...og
.....# #oo#
.....# #>#
.....#
#@#### .##
.....#
#.#..+.....
.#####
#.#.##..)#
.#
#....+...#
.#
###.##...#
.#
#........#
.#########
#.##.....#
.#.......#
#........#
.#.#####.#
####.....#


You could see 2 orc priests, an orc and a goblin.

Vanquished Creatures
  An orc priest (D:3)
  Terence (D:2)
  3 adders
  2 oozes (D:2)
  3 dart slugs
  2 leopard geckos
  6 orcs (D:3)
  2 giant cockroaches
  6 goblins
  7 hobgoblins
  2 jackals (D:2)
  8 kobolds
  A quokka (D:2)
  6 bats
  A frilled lizard (D:1)
  5 rats
56 creatures vanquished.

Notes
Turn   | Place    | Note
-------+----------+-------------------------------------------
     0 | D:1      | Dordric the Gargoyle Berserker began the quest for the Orb.
     0 | D:1      | Reached XP level 1. HP: 14/14 MP: 1/1
    28 | D:1      | Reached XP level 2. HP: 7/19 MP: 2/2
   411 | D:1      | Reached skill level 4 in Maces & Flails
   524 | D:1      | Reached XP level 3. HP: 23/23 MP: 3/3
   561 | D:1      | Reached ** piety under Trog
   899 | D:2      | Found a radiant altar of Vehumet.
   899 | D:2      | Found a hazy altar of Hepliaklqana.
   900 | D:2      | Found a hide-covered altar of Uskayaw.
   900 | D:2      | Found an iron altar of Okawaru.
   923 | D:2      | Reached XP level 4. HP: 27/28 MP: 4/4
   935 | D:2      | Noticed Terence
   947 | D:2      | Killed Terence
   947 | D:2      | Reached skill level 5 in Maces & Flails
  1287 | D:2      | Found a burning altar of Makhleb.
  1446 | D:3      | Reached XP level 5. HP: 31/32 MP: 5/5
  1494 | D:3      | Killed from afar by an orc priest

Vault maps used:
D:1:      tarquinn_simple_flora_water_f, serial_forest,
          infiniplex_forest_straight_2, infiniplex_forest_lined_2,
          infiniplex_forest_clump_cross, infiniplex_forest_clump_medium,
          infiniplex_forest_lined_room_2, infiniplex_forest_clump_small,
          infiniplex_forest_zigzag_1, grunt_decor_arrowhead, minmay_pentomino_s4
D:2:      nicolae_overflow_crystal_walls,
          chequers_temple_overflow_statue_of_worship, first_ration, uniq_terence
D:3:      minmay_wonky_spiral, roderic_lattice_a, kennysheep_doodads

Skill      XL: |  1  2  3  4 |
---------------+-------------+-----
Maces & Flails | 4 5 |  5.9
Fighting       | |  3.2
Armour         | |  2.1
Dodging        | |  1.5

Action                   |  1- 3 |  4- 6 || total
-------------------------+-------+-------++-------
Melee: Mace              |   106 |    73 ||   179
Invok: Berserk           |       |     1 ||     1
  Use: Scroll            |       |     5 ||     5
  Eat: Chunk             |       |     2 ||     2
Armor: Animal skin       |     3 |       ||     3
       Ring mail         |    72 |    38 ||   110
Dodge: Dodged            |    87 |    48 ||   135

Table legend:
 A = Spawn XP
 B = Non-spawn XP
 C = Spawn XP percentage of total XP
 D = Spawn monster count
 E = Non-spawn monster count
 F = Spawn count percentage of total count
 G = Total turns spent on level
                    A         B        C        D         E        F      G
               +---------+---------+-------+---------+---------+-------+---------
         Total |       0 |     227 |   0.0 |       0 |      56 |   0.0 |  1494
               +---------+---------+-------+---------+---------+-------+---------
           D:1 |       0 |      40 |   0.0 |       0 |      22 |   0.0 |   763
           D:2 |       0 |     107 |   0.0 |       0 |      22 |   0.0 |   570
           D:3 |       0 |      80 |   0.0 |       0 |      12 |   0.0 |   161
               +---------+---------+-------+---------+---------+-------+---------
